[ AOE2 MATCH · #505859658 ]
UnrankedMalians vs Hindustanis
Player's team · WIN
[ REPLAY ANALYSIS · EXTRACTED FROM THE RECORDED GAME ]
Feudal
9:16
Castle
20:34
Imperial
—
| APM avg | 69.9 |
| APM peak | 102 |
| eAPM avg | 38.0 |
| Villagers / military | 102 / 72 |
Focus
⚔️ 52.7% · 🌾 47.3%
Militia ×56 · Scorpion ×7 · Archer ×3 · Skirmisher ×3 · Battering Ram ×2 · Spearman ×1
Feudal
10:05
Castle
19:19
Imperial
—
| APM avg | 94.8 |
| APM peak | 136 |
| eAPM avg | 42.9 |
| Villagers / military | 96 / 48 |
Focus
⚔️ 65.4% · 🌾 34.6%
Cavalry Archer ×28 · Skirmisher ×9 · Militia ×5 · Monk ×4 · Archer ×1 · Mangonel ×1
Match map
Initial resources + every placement click. Lines = walls · curves = elevation contours. ◆ gold · ⬟ stone · ● berries · ✦ relic · ◌ wall gap
Your base· ✓ Closed at 20:34 · 54t walls · 1 gate(s)
F1Re's base· Open — unwalled flank
Smoothed initial terrain · ◌ = detected wall gap · hover for details
Inputs per minute
— TAG_Sitaux - - F1Re
Build order — TAG_Sitaux
First 150 of 331 actions detected
| 0:01 | Create | Villager (Male) |
| 0:01 | Create | Villager (Male) |
| 0:02 | Build | House |
| 0:02 | Build | House |
| 0:13 | Create | Villager (Male) |
| 0:14 | Create | Villager (Male) |
| 0:14 | Create | Villager (Male) |
| 1:24 | Create | Villager (Male) |
| 1:24 | Create | Villager (Male) |
| 1:51 | Create | Villager (Male) |
| 1:51 | Create | Villager (Male) |
| 2:10 | Build | Lumber Camp |
| 2:14 | Create | Villager (Male) |
| 2:48 | Create | Villager (Male) |
| 2:48 | Create | Villager (Male) |
| 3:05 | Create | Villager (Male) |
| 3:33 | Create | Villager (Male) |
| 3:33 | Create | Villager (Male) |
| 3:50 | Build | House |
| 4:01 | Create | Villager (Male) |
| 4:02 | Create | Villager (Male) |
| 4:25 | Build | House |
| 4:27 | Create | Villager (Male) |
| 4:27 | Create | Villager (Male) |
| 4:45 | Create | Villager (Male) |
| 4:46 | Create | Villager (Male) |
| 4:52 | Build | Barracks |
| 5:07 | Create | Villager (Male) |
| 5:07 | Create | Villager (Male) |
| 5:16 | Create | Villager (Male) |
| 5:38 | Build | Palisade Wall |
| 6:27 | Build | Palisade Wall |
| 6:30 | Build | Palisade Wall |
| 6:31 | Build | Palisade Wall |
| 6:32 | Build | Palisade Wall |
| 6:37 | Research | Loom |
| 6:37 | Research | Loom |
| 6:41 | Build | Palisade Wall |
| 6:59 | Research | Feudal Age |
| 7:13 | Create | Militia |
| 7:16 | Build | Mining Camp |
| 7:17 | Build | Palisade Wall |
| 7:18 | Build | Palisade Wall |
| 7:21 | Build | Palisade Wall |
| 7:36 | Create | Militia |
| 7:36 | Create | Militia |
| 8:03 | Create | Militia |
| 8:17 | Build | House |
| 8:17 | Build | House |
| 8:30 | Create | Militia |
| 8:32 | Build | Palisade Wall |
| 8:54 | Create | Villager (Male) |
| 8:56 | Build | Mill |
| 9:02 | Build | Palisade Wall |
| 9:16 | Age | Feudal Age |
| 9:18 | Research | Man-at-Arms (upgrade) |
| 9:22 | Research | Double-Bit Axe |
| 9:23 | Research | Double-Bit Axe |
| 9:38 | Create | Villager (Male) |
| 9:54 | Build | Farm |
| 9:55 | Build | Farm |
| 10:00 | Research | Arson |
| 10:06 | Build | Farm |
| 10:13 | Create | Villager (Male) |
| 10:31 | Create | Villager (Male) |
| 10:45 | Build | Lumber Camp |
| 10:54 | Create | Villager (Male) |
| 11:14 | Build | Farm |
| 11:19 | Create | Villager (Male) |
| 11:21 | Build | House |
| 11:23 | Build | House |
| 11:27 | Build | Farm |
| 11:31 | Build | Palisade Wall |
| 11:41 | Create | Villager (Male) |
| 11:47 | Build | Farm |
| 11:59 | Build | Palisade Wall |
| 12:01 | Build | Palisade Wall |
| 12:02 | Build | Palisade Wall |
| 12:03 | Build | Palisade Wall |
| 12:12 | Build | Farm |
| 12:13 | Create | Villager (Male) |
| 12:15 | Build | Farm |
| 12:31 | Build | Farm |
| 12:31 | Create | Villager (Male) |
| 12:43 | Build | House |
| 12:51 | Build | Palisade Wall |
| 12:57 | Build | Farm |
| 12:58 | Create | Militia |
| 12:58 | Create | Villager (Male) |
| 13:03 | Build | House |
| 13:05 | Build | Palisade Wall |
| 13:17 | Create | Villager (Male) |
| 13:26 | Build | Farm |
| 13:33 | Build | House |
| 13:36 | Build | Palisade Wall |
| 13:37 | Build | Palisade Wall |
| 13:39 | Build | Palisade Wall |
| 13:40 | Create | Villager (Male) |
| 13:48 | Build | Farm |
| 13:49 | Create | Villager (Male) |
| 14:19 | Create | Villager (Male) |
| 14:24 | Build | Archery Range |
| 14:30 | Build | House |
| 14:39 | Create | Villager (Male) |
| 14:41 | Create | Spearman |
| 14:46 | Build | Palisade Gate |
| 14:55 | Build | Farm |
| 15:00 | Create | Villager (Male) |
| 15:04 | Build | Palisade Wall |
| 15:12 | Research | Horse Collar |
| 15:13 | Research | Horse Collar |
| 15:20 | Create | Villager (Male) |
| 15:23 | Create | Archer |
| 15:30 | Build | Farm |
| 16:07 | Build | Blacksmith |
| 16:09 | Build | Palisade Wall |
| 16:10 | Create | Skirmisher |
| 16:13 | Create | Villager (Male) |
| 16:20 | Create | Skirmisher |
| 16:43 | Create | Villager (Male) |
| 16:46 | Build | House |
| 17:16 | Create | Archer |
| 17:17 | Create | Villager (Male) |
| 17:30 | Build | Palisade Wall |
| 17:42 | Build | Market |
| 17:54 | Research | Castle Age |
| 17:54 | Research | Castle Age |
| 17:56 | Create | Archer |
| 18:18 | Create | Skirmisher |
| 18:30 | Research | Gold Mining |
| 18:30 | Research | Gold Mining |
| 18:32 | Build | Farm |
| 18:38 | Create | Militia |
| 18:56 | Build | Barracks |
| 18:57 | Create | Militia |
| 19:00 | Build | Farm |
| 19:02 | Build | Farm |
| 19:03 | Build | Mill |
| 19:05 | Build | Farm |
| 19:17 | Build | Farm |
| 19:21 | Research | Scale Mail Armor |
| 19:21 | Research | Scale Mail Armor |
| 19:23 | Create | Militia |
| 19:27 | Create | Militia |
| 19:38 | Create | Militia |
| 19:45 | Create | Militia |
| 19:50 | Build | House |
| 19:52 | Build | House |
| 19:53 | Create | Militia |
| 20:03 | Create | Militia |
Build order — F1Re
First 150 of 258 actions detected
| 0:00 | Create | Villager (Male) |
| 0:01 | Build | House |
| 0:02 | Build | House |
| 0:06 | Create | Villager (Male) |
| 0:06 | Create | Villager (Male) |
| 0:10 | Create | Villager (Male) |
| 0:10 | Create | Villager (Male) |
| 1:01 | Create | Villager (Male) |
| 1:55 | Create | Villager (Male) |
| 1:55 | Create | Villager (Male) |
| 1:56 | Create | Villager (Male) |
| 2:18 | Create | Villager (Male) |
| 2:18 | Create | Villager (Male) |
| 2:43 | Build | Barracks |
| 2:46 | Create | Villager (Male) |
| 2:47 | Create | Villager (Male) |
| 2:47 | Create | Villager (Male) |
| 3:05 | Create | Villager (Male) |
| 3:05 | Create | Villager (Male) |
| 3:14 | Build | House |
| 3:39 | Create | Villager (Male) |
| 3:39 | Create | Villager (Male) |
| 3:49 | Create | Villager (Male) |
| 3:49 | Create | Villager (Male) |
| 3:59 | Create | Militia |
| 4:03 | Build | House |
| 4:12 | Create | Militia |
| 4:16 | Build | Palisade Wall |
| 4:24 | Create | Villager (Male) |
| 4:26 | Create | Villager (Male) |
| 4:41 | Create | Militia |
| 4:45 | Create | Villager (Male) |
| 4:48 | Build | House |
| 5:19 | Create | Villager (Male) |
| 5:19 | Create | Villager (Male) |
| 5:35 | Create | Villager (Male) |
| 5:52 | Create | Villager (Male) |
| 5:55 | Create | Villager (Male) |
| 5:56 | Create | Villager (Male) |
| 6:25 | Create | Villager (Male) |
| 6:25 | Create | Villager (Male) |
| 6:35 | Build | Lumber Camp |
| 7:20 | Research | Loom |
| 7:33 | Build | House |
| 7:36 | Build | House |
| 7:50 | Research | Feudal Age |
| 7:50 | Research | Feudal Age |
| 8:17 | Build | Mill |
| 8:52 | Build | Palisade Wall |
| 8:53 | Build | Palisade Wall |
| 9:23 | Build | Palisade Wall |
| 9:23 | Create | Militia |
| 9:47 | Create | Militia |
| 9:57 | Build | Farm |
| 10:05 | Age | Feudal Age |
| 10:08 | Create | Villager (Male) |
| 10:08 | Research | Double-Bit Axe |
| 10:20 | Build | Farm |
| 10:31 | Create | Villager (Male) |
| 10:32 | Build | Archery Range |
| 10:51 | Research | Man-at-Arms (upgrade) |
| 10:51 | Research | Man-at-Arms (upgrade) |
| 10:52 | Create | Villager (Male) |
| 10:54 | Build | Farm |
| 11:05 | Build | House |
| 11:10 | Build | House |
| 11:11 | Create | Villager (Male) |
| 11:16 | Build | Palisade Wall |
| 11:22 | Build | Palisade Wall |
| 11:23 | Build | Palisade Wall |
| 11:38 | Create | Skirmisher |
| 11:38 | Create | Skirmisher |
| 11:55 | Create | Villager (Male) |
| 12:09 | Create | Skirmisher |
| 12:20 | Build | Farm |
| 12:26 | Create | Villager (Male) |
| 12:27 | Create | Villager (Male) |
| 12:27 | Create | Villager (Male) |
| 12:37 | Build | Farm |
| 12:40 | Create | Villager (Male) |
| 12:40 | Create | Villager (Male) |
| 12:40 | Create | Villager (Male) |
| 12:51 | Build | Farm |
| 13:00 | Create | Archer |
| 13:13 | Create | Villager (Male) |
| 13:17 | Build | House |
| 13:19 | Create | Skirmisher |
| 13:38 | Create | Villager (Male) |
| 13:54 | Build | Farm |
| 13:54 | Create | Villager (Male) |
| 13:55 | Create | Skirmisher |
| 14:15 | Build | Farm |
| 14:16 | Create | Villager (Male) |
| 14:31 | Build | Mining Camp |
| 14:36 | Build | Farm |
| 14:57 | Create | Villager (Male) |
| 15:12 | Build | Market |
| 15:18 | Create | Villager (Male) |
| 15:53 | Create | Villager (Male) |
| 15:55 | Build | Farm |
| 15:57 | Build | Farm |
| 16:07 | Build | Farm |
| 16:16 | Build | House |
| 16:39 | Research | Castle Age |
| 16:39 | Research | Castle Age |
| 16:54 | Create | Skirmisher |
| 17:22 | Build | Blacksmith |
| 17:26 | Research | Horse Collar |
| 17:29 | Create | Skirmisher |
| 17:44 | Research | Gold Mining |
| 17:44 | Research | Gold Mining |
| 18:06 | Research | Fletching |
| 18:07 | Research | Fletching |
| 18:17 | Create | Skirmisher |
| 18:30 | Build | Archery Range |
| 18:40 | Build | House |
| 18:40 | Build | House |
| 18:47 | Create | Villager (Male) |
| 18:56 | Build | Lumber Camp |
| 19:19 | Age | Castle Age |
| 19:25 | Research | Bodkin Arrow |
| 19:25 | Create | Villager (Male) |
| 19:32 | Build | Farm |
| 19:32 | Build | Farm |
| 19:50 | Build | Monastery |
| 19:55 | Create | Villager (Male) |
| 19:57 | Create | Cavalry Archer |
| 19:57 | Create | Cavalry Archer |
| 20:14 | Create | Villager (Male) |
| 20:17 | Build | Farm |
| 20:29 | Research | Elite Skirmisher (upgrade) |
| 20:29 | Research | Elite Skirmisher (upgrade) |
| 20:29 | Create | Villager (Male) |
| 20:29 | Create | Villager (Male) |
| 20:36 | Build | House |
| 20:36 | Build | House |
| 20:41 | Create | Skirmisher |
| 20:47 | Research | Town Watch |
| 21:00 | Create | Cavalry Archer |
| 21:00 | Create | Cavalry Archer |
| 21:21 | Create | Villager (Male) |
| 21:22 | Create | Monk |
| 21:26 | Build | House |
| 21:27 | Build | House |
| 21:29 | Build | House |
| 21:30 | Build | House |
| 21:44 | Create | Cavalry Archer |
| 21:44 | Create | Cavalry Archer |
| 21:45 | Create | Villager (Male) |
| 21:45 | Create | Villager (Male) |
Match timeline
| 2:43 | F1Re · first_building Barracks |
| 4:16 | F1Re · wall_segment Palisade Wall x1 |
| 4:52 | TAG_Sitaux · first_building Barracks |
| 5:38 | TAG_Sitaux · wall_segment Palisade Wall x2 |
| 6:27 | TAG_Sitaux · wall_segment Palisade Wall x1 |
| 6:30 | TAG_Sitaux · wall_segment Palisade Wall x1 |
| 6:31 | TAG_Sitaux · wall_segment Palisade Wall x1 |
| 6:32 | TAG_Sitaux · wall_segment Palisade Wall x1 |
| 6:41 | TAG_Sitaux · wall_segment Palisade Wall x1 |
| 7:17 | TAG_Sitaux · wall_segment Palisade Wall x1 |
| 7:18 | TAG_Sitaux · wall_segment Palisade Wall x1 |
| 7:21 | TAG_Sitaux · wall_segment Palisade Wall x1 |
| 8:32 | TAG_Sitaux · wall_segment Palisade Wall x1 |
| 8:52 | F1Re · wall_segment Palisade Wall x4 |
| 8:53 | F1Re · wall_segment Palisade Wall x3 |
| 9:02 | TAG_Sitaux · wall_segment Palisade Wall x5 |
| 9:16 | TAG_Sitaux · age_up feudal |
| 9:23 | F1Re · wall_segment Palisade Wall x1 |
| 10:05 | F1Re · age_up feudal |
| 10:32 | F1Re · first_building Archery Range |
| 11:16 | F1Re · wall_segment Palisade Wall x5 |
| 11:22 | F1Re · wall_segment Palisade Wall x1 |
| 11:23 | F1Re · wall_segment Palisade Wall x11 |
| 11:31 | TAG_Sitaux · wall_segment Palisade Wall x8 |
| 11:59 | TAG_Sitaux · wall_segment Palisade Wall x6 |
| 12:01 | TAG_Sitaux · wall_segment Palisade Wall x1 |
| 12:02 | TAG_Sitaux · wall_segment Palisade Wall x1 |
| 12:03 | TAG_Sitaux · wall_segment Palisade Wall x7 |
| 12:51 | TAG_Sitaux · wall_segment Palisade Wall x3 |
| 13:05 | TAG_Sitaux · wall_segment Palisade Wall x1 |
| 13:36 | TAG_Sitaux · wall_segment Palisade Wall x5 |
| 13:37 | TAG_Sitaux · wall_segment Palisade Wall x1 |
| 13:39 | TAG_Sitaux · wall_segment Palisade Wall x1 |
| 14:24 | TAG_Sitaux · first_building Archery Range |
| 15:04 | TAG_Sitaux · wall_segment Palisade Wall x1 |
| 16:09 | TAG_Sitaux · wall_segment Palisade Wall x1 |
| 16:12 | F1Re · first_market_sell 500 stone |
| 16:12 | F1Re · first_market_buy 100 food |
| 17:30 | TAG_Sitaux · wall_segment Palisade Wall x3 |
| 19:19 | F1Re · age_up castle |
| 19:19 | TAG_Sitaux · first_market_buy 100 food |
| 19:50 | F1Re · first_building Monastery |
| 20:34 | TAG_Sitaux · age_up castle |
| 21:03 | TAG_Sitaux · first_market_sell 100 wood |
| 23:19 | TAG_Sitaux · first_building Siege Workshop |
| 23:33 | F1Re · wall_segment Palisade Wall x1 |
| 23:36 | F1Re · wall_segment Palisade Wall x1 |
| 23:59 | F1Re · wall_segment Palisade Wall x2 |
| 24:25 | F1Re · wall_segment Palisade Wall x1 |
| 24:26 | F1Re · wall_segment Palisade Wall x1 |
| 24:29 | F1Re · wall_segment Palisade Wall x1 |
| 24:40 | F1Re · wall_segment Palisade Wall x1 |
| 24:42 | F1Re · wall_segment Palisade Wall x2 |
| 26:54 | F1Re · wall_segment Palisade Wall x1 |
| 26:57 | F1Re · wall_segment Palisade Wall x1 |
| 26:58 | F1Re · wall_segment Palisade Wall x1 |
| 27:02 | F1Re · wall_segment Palisade Wall x1 |
| 27:03 | F1Re · wall_segment Palisade Wall x1 |
| 27:09 | F1Re · wall_segment Palisade Wall x1 |
| 28:41 | F1Re · first_building Siege Workshop |
| 30:01 | F1Re · first_building Stable |
| 30:58 | F1Re · resign |
[ AI ANALYSIS · 1 CREDIT ]
What really happened in this match?
Wolo.gg analyzes every decision: build order, eco, micro, common mistakes by bracket. Personalized analysis on WhatsApp or Discord in 30 seconds.
Civ guide
Malians
Perfil
Jugador #212721